AoeStats
← harunayoiki

Nomad

505251866Analyzed
2v2 RM · 25d ago on Sep 8, 2026· 57m 36s· 4 players
Game mode
Random Map
Map size
176×176
Population
200
Speed
Normal
Resources
Standard
Victory
Conquest
Starting age
Dark Age
Ending age
Imperial Age
RankedLock teamsTeams togetherTeam positionsShared explorationLock speedFull tech treeHidden civsTurbo modeCheats
Victory
Defeat
🇵🇰 Malay · Pakistan
1053
+11
🇵🇰 Huns · Pakistan
876
+19
🇮🇹 Huns · Italy
970
-43
🇮🇹 Goths · Italy
913
-14
harunayoiki
4:32 Loom
13:44 Feudal Age
15:53 Double-Bit Axe
20:02 Castle Age
18:45 Fishing Lines
19:18 Bloodlines
20:06 Stone Mining
21:15 Gold Mining
23:37 Fletching
23:51 Elite Skirmisher
26:08 Padded Archer Armor
29:38 Gold Shaft Mining
31:09 Bodkin Arrow
35:41 Wheelbarrow
39:16 Leather Archer Armor
39:46 Forging
44:17 Imperial Age
42:56 Marauders
45:49 Capped Ram
47:00 Scale Barding Armor
49:09 Conscription
roccgnv
4:05 Loom
15:41 Feudal Age
15:45 Man-at-Arms
16:23 Double-Bit Axe
18:01 Gold Mining
27:23 Castle Age
27:43 Long Swordsman
29:36 Wheelbarrow
29:16 Bow Saw
29:21 Forging
29:40 Elite Skirmisher
Captain Roach
8:19 Loom
14:34 Feudal Age
15:25 Man-at-Arms
15:53 Arson
19:36 Castle Age
19:44 Long Swordsman
20:24 Squires
21:36 Scale Mail Armor
27:51 Fishing Lines
30:07 Fletching
30:17 Padded Archer Armor
34:33 Wheelbarrow
33:46 Town Watch
34:46 Thumb Ring
37:29 Bodkin Arrow
37:50 Leather Archer Armor
43:57 Hand Cart
43:42 Town Patrol
49:14 Gold Mining
49:14 Stone Mining
Captain Soap
8:18 Loom
13:57 Feudal Age
14:56 Fishing Lines
18:17 Castle Age
16:24 Fletching
16:45 Padded Archer Armor
17:08 Double-Bit Axe
18:24 Bow Saw
18:28 Bodkin Arrow
18:56 Gold Mining
19:33 Crossbowman
26:22 Ballistics
25:42 Treadmill Crane
27:51 Leather Archer Armor
31:12 Wheelbarrow
30:23 Town Watch
35:07 Imperial Age
34:07 Thumb Ring
35:48 Ring Archer Armor
35:23 Bracer
37:32 Chemistry
43:25 Forging
43:21 Scale Barding Armor
44:22 Elite Karambit Warrior
45:23 Conscription
46:10 Hand Cart
45:55 Town Patrol
46:58 Arbalester
51:29 Stone Mining
52:14 Gold Shaft Mining
51:19 Elite Cannon Galleon
51:51 Gillnets
52:12 Medium Warships
53:15 Spies/Treason
55:40 Heavy Warships
Connection lost

Rejoining the realm…

Still unreachable

The connection could not be restored.

Session expired

The server has moved on; the page needs a fresh start.